 Dungeon Crawl Stone Soup version 0.26.0-16-gc1dbca0489 (webtiles) character file.

Game seed: 9607081094511579139

3767 hatsuma the Fighter (level 9, -10/89 HPs)
             Began as a Minotaur Berserker on Jan 21, 2021.
             Was an Elder of Trog.
             Mangled by a boulder beetle (20 damage)
             ... on level 8 of the Dungeon.
             The game lasted 00:28:18 (7932 turns).

hatsuma the Fighter (Minotaur Berserker)            Turns: 7932, Time: 00:28:21

Health: -10/89     AC: 15    Str: 23    XL:     9   Next: 94%
Magic:  8/8        EV: 13    Int:  4    God:    Trog [****..]
Gold:   421        SH:  5    Dex: 12    Spells: 8/8 levels left

rFire    + . .     SeeInvis .   a - +0 broad axe
rCold    . . .     Faith    .   g - +0 buckler
rNeg     . . .     Spirit   .   l - +3 scale mail {rF+}
rPois    +         Reflect  .   o - +2 hat
rElec    .         Harm     .   D - +0 cloak
rCorr    .         Rampage  .   (no gloves)
Will     .....                  h - +0 pair of boots
Stlth    ..........             (no amulet)
HPRegen  0.24/turn              i - ring of poison resistance
MPRegen  0.11/turn              (no ring)

@: berserk cooldown, slowed, very slow
A: retaliatory headbutt, horns 2
a: Renounce Religion, Berserk, Trog's Hand, Brothers in Arms


You were on level 8 of the Dungeon.
You worshipped Trog.
Trog was greatly pleased with you.
You visited 1 branch of the dungeon, and saw 10 of its levels.

You collected 421 gold pieces.

Inventory:

Hand Weapons
 a - a +0 broad axe (weapon)
 b - a +0 hunting sling
 F - the +1 mace "Kooroll" {freeze, +Fly}
   (You found it on level 6 of the Dungeon)

   It has been specially enchanted to freeze those struck by it, causing extra
   injury to most foes and up to half again as much damage against particularly
   susceptible opponents.
   It can also slow down cold-blooded creatures.
   It lets you fly.
Missiles
 n - 55 bolts
 p - 76 sling bullets
Armour
 g - a +0 buckler (worn)
 h - a +0 pair of boots (worn)
 l - a +3 scale mail of fire resistance (worn)
 o - a +2 hat (worn)
 D - a +0 cloak (worn)
Jewellery
 i - a ring of poison resistance (left hand)
Wands
 u - a wand of paralysis (10)
 E - a wand of flame (15)
Scrolls
 c - a scroll of random uselessness {unknown}
 d - a scroll of fog {unknown}
 m - 2 scrolls of teleportation
 q - 3 scrolls of remove curse
 s - 2 scrolls of fear
 t - 3 scrolls of blinking
 w - a scroll of noise {unknown}
 x - a scroll of immolation {unknown}
 y - 2 scrolls of enchant weapon {unknown}
 C - a scroll of torment {unknown}
Potions
 e - 2 potions of might
 f - 3 potions of flight
 j - 3 potions of heal wounds
 k - 2 potions of invisibility
 r - 2 potions of brilliance {unknown}
 v - a potion of berserk rage {unknown}
 z - a potion of degeneration {unknown}
 A - a potion of cancellation {unknown}
 B - 2 potions of mutation {unknown}


   Skills:
 - Level 11.0 Fighting
 - Level 10.0 Axes
 - Level 6.0 Armour
 + Level 5.9 Dodging
 - Level 4.6 Shields
 - Level 1.1 Evocations


You had 8 spell levels left.
You didn't know any spells.
Your spell library was empty.

Dungeon Overview and Level Annotations

Branches:
Dungeon (10/15)            Temple (0/1) D:5
   Lair: D:8-11         Orc: D:9-12

Altars:
Elyvilon
Fedhas
Gozag
Hepliaklqana
Nemelex Xobeh
Qazlal
Ru
Sif Muna
Trog
Xom
The Shining One


Innate Abilities, Weirdness & Mutations

You reflexively headbutt those who attack you in melee.
You have a pair of horns on your head.


Message History

The boulder beetle bites you!
You slash the boulder beetle!
You headbutt the boulder beetle, but do no damage.
The boulder beetle is heavily wounded.
The boulder beetle bites you.
You slash the boulder beetle!
The boulder beetle is almost dead.
The boulder beetle leaps!
You see here a hornet corpse.
You feel a strong urge to attack something.
You are no longer berserk.
You are exhausted.
You feel yourself slow down.
You slash the boulder beetle!
The boulder beetle is almost dead.
The boulder beetle bites you!!
* * * LOW HITPOINT WARNING * * *
The boulder beetle waves its antennae.
The boulder beetle bites you!!
You die...

...............
.............
...........
#######.........
.........>......
##.###..)......
#<#.........
#°#......#+#
#..@B....#
####......#
....##.# ....#
.# ...# ...#
...# ...#


You could see a boulder beetle.

Vanquished Creatures
  Harold (D:7)
  Maggie (D:7)
  A hornet (D:8)
  Sigmund (D:5)
  Eustachio (D:6)
  Menkaure (D:5)
  A water moccasin (D:5)
  Duvessa (D:6)
  3 orc warriors
  5 ogres
  A centaur (D:5)
  4 bullfrogs
  Dowan (D:6)
  A scorpion (D:5)
  2 howler monkeys (D:6)
  A bullfrog zombie (D:6)
  An orc priest (D:6)
  2 hounds
  A bullfrog skeleton (D:7)
  A centaur skeleton (D:7)
  A centaur zombie (D:7)
  3 iguanas (D:4)
  4 orc wizards
  7 worker ants
  2 hound skeletons
  5 adders
  A shadow imp (D:6)
  A white imp (D:7)
  An ufetubus (D:7)
  An ooze (D:3)
  An adder skeleton (D:5)
  An adder zombie (D:5)
  4 worms
  2 dart slugs
  3 leopard geckos
  12 orcs
  5 bats
  6 giant cockroaches
  9 goblins
  8 hobgoblins
  9 jackals
  7 quokkas
  A ball python (D:3)
  8 frilled lizards
  A jackal zombie (D:8)
  7 kobolds
  A leopard gecko skeleton (D:4)
  9 rats
151 creatures vanquished.

Notes
Turn   | Place    | Note
-------+----------+-------------------------------------------
     0 | D:1      | hatsuma the Minotaur Berserker began the quest for the Orb.
     0 | D:1      | Reached XP level 1. HP: 19/19 MP: 0/0
   105 | D:1      | Reached XP level 2. HP: 23/26 MP: 1/1
   740 | D:1      | Reached skill level 5 in Axes
   744 | D:1      | Reached XP level 3. HP: 31/31 MP: 2/2
  1006 | D:2      | Found a white marble altar of Elyvilon.
  1030 | D:2      | Reached ** piety under Trog
  1176 | D:2      | You fall into a shaft and drop 1 floor!
  1252 | D:3      | Found a sacrificial altar of Ru.
  1256 | D:3      | Found a shimmering blue altar of Sif Muna.
  1702 | D:2      | Reached XP level 4. HP: 39/39 MP: 3/3
  1719 | D:2      | Found a sparkling altar of Nemelex Xobeh.
  2036 | D:2      | Found a stormy altar of Qazlal.
  2344 | D:3      | Found a glowing golden altar of the Shining One.
  2443 | D:3      | Reached skill level 4 in Fighting
  2671 | D:3      | Found a hazy altar of Hepliaklqana.
  2963 | D:4      | Noticed an ogre
  2967 | D:4      | Killed an ogre
  2968 | D:4      | Reached XP level 5. HP: 46/46 MP: 4/4
  3288 | D:4      | Reached skill level 5 in Fighting
  3298 | D:4      | Found a blossoming altar of Fedhas.
  3648 | D:4      | Reached XP level 6. HP: 44/56 MP: 5/5
  3874 | D:5      | Entered Level 5 of the Dungeon
  4020 | D:5      | Noticed Sigmund
  4025 | D:5      | Killed Sigmund
  4114 | D:5      | Noticed Menkaure
  4121 | D:5      | Killed Menkaure
  4122 | D:5      | Reached XP level 7. HP: 61/61 MP: 6/6
  4475 | D:5      | Found a staircase to the Ecumenical Temple.
  4513 | D:5      | Reached skill level 6 in Fighting
  4757 | D:5      | Reached skill level 7 in Fighting
  4766 | D:5      | Reached *** piety under Trog
  5212 | D:5      | Reached XP level 8. HP: 61/73 MP: 7/7
  5611 | D:6      | Reached skill level 8 in Fighting
  5711 | D:6      | Found a shimmering altar of Xom.
  5711 | D:6      | Found a shimmering altar of Xom.
  5711 | D:6      | Noticed Dowan
  5711 | D:6      | Noticed Duvessa
  5729 | D:6      | Killed Duvessa
  5743 | D:6      | Killed Dowan
  5750 | D:6      | Found a shimmering altar of Xom.
  5750 | D:6      | Found a shimmering altar of Xom.
  5751 | D:6      | Found a shimmering altar of Xom.
  5762 | D:6      | Reached skill level 10 in Axes
  5819 | D:6      | Reached skill level 5 in Armour
  6095 | D:6      | Got an ivory mace
  6097 | D:6      | Identified the cursed +1 mace "Kooroll" {freeze, +Fly} (You
                  | found it on level 6 of the Dungeon)
  6203 | D:6      | Reached skill level 1 in Shields
  6479 | D:6      | Reached XP level 9. HP: 77/82 MP: 8/8
  6571 | D:6      | Noticed Eustachio
  6577 | D:6      | Killed Eustachio
  6679 | D:6      | Reached skill level 1 in Evocations
  6741 | D:7      | Noticed Harold
  6763 | D:7      | Killed Harold
  6764 | D:7      | Reached skill level 10 in Fighting
  7045 | D:7      | Reached **** piety under Trog
  7057 | D:7      | Reached skill level 11 in Fighting
  7219 | D:7      | Noticed a moth of wrath
  7221 | D:7      | Noticed Maggie
  7222 | D:7      | Found a bloodstained altar of Trog.
  7239 | D:7      | Killed Maggie
  7240 | D:7      | Reached skill level 5 in Dodging
  7415 | D:7      | Found an opulent altar of Gozag.
  7497 | D:7      | You fall into a shaft and drop 3 floors!
  7497 | D:10     | Entered Level 10 of the Dungeon
  7561 | D:8      | Noticed a two-headed ogre
  7743 | D:8      | Noticed a boulder beetle
  7932 | D:8      | Mangled by a boulder beetle

Illustrated notes

Levels and vault maps discovered:
D:1:      erik_arrival_orb_chamber, layout_basic, roderic_lattice_a
D:2:      lemuel_upstairs_altar, layout_loops_ring,
          nicolae_overflow_crystal_walls, nicolae_qazlal_eye_of_the_storm,
          nemelex_xobeh_ov_fountains_minmay, minmay_liquid_box,
          kennysheep_cross_bottleneck, minmay_tromino_v4_a
D:3:      layout_loops_ring, marbit_many_paths, overflow_temple_1_default,
          minitemple, hangedman_decor_points, grunt_ministairs_4,
          chequers_serial_rivers_large_a, minmay_strange_pillars,
          minmay_misc_feat_diagonals
D:4:      layout_gridville, nicolae_overflow_hidden_temple
D:5:      layout_gridville, lemuel_temple_firewalk_b, minmay_misc_feat_cross,
          uniq_sigmund, uniq_menkaure
D:6:      layout_loops_corners, xom_redecorated, nicolae_zen_rock_garden,
          uniq_eustachio, uniq_duvessa
D:7:      layout_basic, tgw_trog, general_overflow_altar, serial_curves,
          eino_curves_04, eino_curves_01, uniq_harold, uniq_maggie
D:8:      layout_basic, kennysheep_mini_moat, uniq_erica, uniq_maurice
D:9:      layout_cave_pools, basic_altar, minmay_statues_item
D:10:     layout_stronghold, orc_0_dummy, fedhas_bush_and_centaur_altar

Skill      XL: |  1  2  3  4  5  6  7  8  9 |
---------------+----------------------------+-----
Axes           | 4 5 7 8 10 | 10.0
Armour         | 3 4 6 |  6.0
Fighting       | 4 5 7 8 11 | 11.0
Dodging        | 3 5 |  5.9
Shields        | 3 4 |  4.6
Evocations     | 1 |  1.1

Action                   |  1- 3 |  4- 6 |  7- 9 || total
-------------------------+-------+-------+-------++-------
Melee: Hand axe          |   106 |    86 |   120 ||   312
       Headbutt          |    16 |    13 |    53 ||    82
       Mace              |       |       |    18 ||    18
       Broad axe         |       |       |   115 ||   115
Throw: Boomerang         |       |     1 |       ||     1
Invok: Berserk           |       |     4 |     8 ||    12
  Use: Scroll            |     2 |     6 |     3 ||    11
 Stab: Sleeping          |     1 |       |       ||     1
Armor: Animal skin       |    16 |       |       ||    16
       Leather armour    |     4 |     3 |       ||     7
       Ring mail         |       |    20 |    13 ||    33
       Plate armour      |       |       |    68 ||    68
       Scale mail        |       |       |    20 ||    20
Dodge: Dodged            |    71 |    40 |   109 ||   220
Block: Buckler           |    10 |    11 |    33 ||    54
